[Event "25th Zadar Open 2018"]
[Site "Zadar"]
[Date "2018.12.19"]
[Round "6"]
[White "Kurayan, Ruslan"]
[Black "Chan, Kim Yew"]
[Result "1-0"]
[ECO "A36"]
[WhiteElo "2391"]
[BlackElo "2175"]
[Annotator "NA"]
[PlyCount "135"]
[EventDate "2018.12.15"]
[EventType "swiss"]
[EventCountry "CRO"]
[SourceTitle "playchess.com"]
[Source "ChessBase"]
[SourceQuality "1"]
[TimeControl "40/5400+30:1800+30"]

1. c4 c5 2. Nc3 g6 3. g3 Bg7 4. Bg2 Nc6 5. a3 e6 6. b4 Nxb4 7. axb4 cxb4 8. d4 bxc3 9. e3 {A36: Symmetrical English vs ...g6: 4 Bg2 Bg7} Ne7 10. Ne2 d5 {LiveBook: 13 Games} 11. Qb3 (11. Ba3 dxc4 12. Qa4+ Bd7 13. Qxc4 Rc8 14. Qb3 Qb6 15. Qxb6 axb6 16. Bxb7 Rc4 {0-1 (37) Gofshtein,L (2468)-Sutovsky,E (2684) Israel 2013}) 11... O-O 12. Nxc3 dxc4 $146 ({Predecessor:} 12... Re8 13. O-O b6 14. cxd5 exd5 15. Nxd5 Nxd5 16. Qxd5 Qxd5 17. Bxd5 Bh3 18. Bxa8 Bxf1 19. Bd5 Bh3 20. Rxa7 Be6 21. Bxe6 Rxe6 22. Ra8+ {1-0 (22) Buechmann,O (2147)-Haerig,W (2045) Leipzig 2015}) 13. Qxc4 a6 14. Qb3 Rb8 15. Rxa6 (15. Ba3 $11) 15... bxa6 16. Qxb8 Bd7 17. Qa7 Qc8 18. O-O Nc6 19. Qc5 Nxd4 20. exd4 Qxc5 21. dxc5 Bxc3 22. c6 Bc8 {[#]} 23. c7 $1 e5 24. Ba3 Re8 25. Rd1 Bd4 26. Rb1 Kg7 $2 (26... e4 $16 {is a better defense.}) 27. Rb8 Rg8 28. Bd6 a5 29. Bb7 Be6 ({Don't go for} 29... Bxb7 $2 30. Rxb7 Rc8 31. Rb8 $18) 30. Kg2 a4 31. Bc6 a3 32. Bxa3 Ba7 33. Bd6 f6 34. f3 Bxb8 35. cxb8=Q Rxb8 36. Bxb8 g5 37. Be8 Bd5 38. Kf2 Kf8 39. Bh5 Ke7 40. Bg4 Kf7 41. Bf5 h6 42. Bd6 Kg7 43. Ke3 Bc4 44. Kd2 Bd5 45. Be4 Be6 46. Kc3 Kf7 47. g4 Kg7 48. Kb4 Bf7 49. Kc5 h5 50. Be7 hxg4 51. fxg4 Be6 52. Bf5 Bb3 53. Kd6 Bc4 54. Bd8 Be2 55. Ke7 Bc4 56. Ba5 Ba6 57. Be1 Be2 58. h4 gxh4 59. Bxh4 e4 60. Bxf6+ Kg8 61. g5 e3 62. Bd4 Bh5 63. Bxe3 Kg7 64. Bd4+ Kg8 65. Kf6 Be8 66. g6 Kh8 67. Ke7+ Kg8 68. Be6+ 1-0

[Event "25th Zadar Open 2018"]
[Site "Zadar"]
[Date "2018.12.19"]
[Round "6"]
[White "Muha, Miljenko"]
[Black "Mohite, Ranveer"]
[Result "1-0"]
[ECO "D94"]
[WhiteElo "2334"]
[BlackElo "2236"]
[Annotator "NA"]
[PlyCount "129"]
[EventDate "2018.12.15"]
[EventType "swiss"]
[EventCountry "CRO"]
[SourceTitle "playchess.com"]
[Source "ChessBase"]
[SourceQuality "1"]
[TimeControl "40/5400+30:1800+30"]

1. d4 Nf6 2. Nf3 g6 3. c4 Bg7 4. e3 O-O 5. Be2 c6 6. O-O d5 7. Nc3 c5 {D94: Grünfeld: 4 Nf3 Bg7 5 e3} (7... Ne4 8. a4 b6 9. a5 Ba6 10. Nxe4 dxe4 11. Ng5 e5 12. Nxe4 exd4 13. exd4 Bxd4 14. Bg5 f6 15. Be3 c5 16. Bxd4 cxd4 {1-0 (40) Bu,X (2712)-Van Wely,L (2642) Batumi 2018}) 8. dxc5 dxc4 9. Qa4 Qc7 $146 ({Predecessor:} 9... Nc6 10. Bxc4 Nd7 11. Qa3 Qa5 12. Qxa5 Nxa5 13. Be2 Nxc5 14. Bd2 Nc6 15. Rfd1 {1-0 (49) Andueza Quezada,D (2176)-Morales Garcia,H (2087) Santiago de Chile 2008}) 10. Qxc4 Be6 11. Qh4 Bd7 12. e4 Nc6 (12... Qxc5 $16 13. e5 Ng4) 13. Bh6 Bg4 14. Bxg7 Kxg7 15. Nd5 Nxd5 (15... Qd8 $16 {was worth a try.}) 16. exd5 ({But not} 16. Qxg4 $6 Nf6 $14) 16... Ne5 17. Ng5 h5 (17... h6 $142 18. Bxg4 hxg5) 18. Bxg4 Nxg4 19. Ne4 (19. Rfe1 $18) 19... Qe5 20. Nc3 Rac8 21. Rae1 Qf5 22. h3 Nf6 23. Rxe7 Rxc5 24. Rxb7 Rfc8 25. Rxa7 Rc4 26. Qg3 Nxd5 27. Nxd5 Qxd5 28. Re1 h4 29. Qe3 R8c6 (29... Rb4 $16) 30. b3 Rc2 31. Ra4 ({Better is} 31. Rf1) 31... R2c3 $2 (31... Re6 $16 {keeps fighting.} 32. Re4 Rxe4 33. Qxe4 {[%mdl 64] Double Attack} Qd2) 32. Qd4+ Qxd4 33. Rxd4 g5 34. Rd2 Kg6 35. Rb2 f5 36. b4 g4 37. hxg4 fxg4 38. b5 Rb6 39. a4 Ra3 40. Rb4 Kf5 41. Rc1 g3 42. Rxh4 Rd6 43. fxg3 Rd2 44. Rf4+ Ke5 45. Kh2 Raa2 46. Rb4 Rxg2+ 47. Kh3 Rh2+ 48. Kg4 Rh8 49. Rc5+ Kd6 50. Rg5 Ra8 51. b6 R2xa4 52. Rxa4 Rxa4+ 53. Kh5 Rb4 54. Rg6+ Ke7 55. g4 Rb1 56. Rc6 Kf7 57. Kg5 Rb5+ 58. Kh6 (58. Kf4 $18 Ke7 59. g5) 58... Rb4 59. Rc7+ Kf6 60. g5+ Kf5 61. Rf7+ Kg4 62. b7 Rb5 63. g6 Rb6 64. Kh7 Kg5 65. g7 1-0

[Event "25th Zadar Open 2018"]
[Site "Zadar"]
[Date "2018.12.19"]
[Round "6"]
[White "Samani, Yamac"]
[Black "Karthik Kumar Pradeep"]
[Result "1/2-1/2"]
[ECO "C00"]
[WhiteElo "2267"]
[BlackElo "2230"]
[Annotator "NA"]
[PlyCount "84"]
[EventDate "2018.12.15"]
[EventType "swiss"]
[EventCountry "CRO"]
[SourceTitle "playchess.com"]
[Source "ChessBase"]
[SourceQuality "1"]
[TimeControl "40/5400+30:1800+30"]

1. e4 c5 2. Nf3 e6 3. g3 Nc6 4. Bg2 Nf6 5. Qe2 e5 6. O-O Be7 7. c3 d6 8. d3 O-O 9. a3 {C00: French: Unusual White 2nd moves} (9. Na3 Re8 10. Nc4 Bf8 11. Bg5 h6 12. Bxf6 Qxf6 13. Ne3 Qd8 14. Nd2 g6 15. f4 exf4 16. gxf4 Bg7 {1-0 (38) Demchenko,A (2679)-Kobalia,M (2620) Sochi 2018}) 9... h6 10. b4 a6 $146 ({Predecessor:} 10... b5 11. a4 Qb6 12. axb5 Qxb5 {1-0 (60) Schwabeneder,F (2420)-Koller,H (2163) Ansfelden 2018}) 11. Nbd2 Re8 12. Bb2 Bf8 13. Rfe1 Rb8 14. Rac1 Bd7 15. Nc4 b5 16. Ne3 g6 17. Nd2 a5 18. bxa5 Qxa5 19. f4 exf4 20. gxf4 Bg7 21. Rf1 Qd8 22. d4 $11 Qb6 23. Qd3 cxd4 24. cxd4 Ng4 25. Nd5 Bxd4+ 26. Bxd4 Qxd4+ 27. Qxd4 Nxd4 28. h3 Ne2+ 29. Kh1 Be6 30. hxg4 Bxd5 31. exd5 Nxc1 32. Rxc1 f5 33. gxf5 gxf5 34. Bh3 Re2 35. Nf3 Rf2 36. Rc3 b4 37. Rb3 Ra8 38. axb4 Ra1+ 39. Ng1 Raa2 40. Nf3 Ra1+ 41. Ng1 Raa2 42. Nf3 Ra1+ 1/2-1/2

[Event "25th Zadar Open 2018"]
[Site "Zadar"]
[Date "2018.12.19"]
[Round "6"]
[White "Cebalo, Miso"]
[Black "Blagojevic, Tijana"]
[Result "1/2-1/2"]
[ECO "A11"]
[WhiteElo "2262"]
[BlackElo "2208"]
[Annotator "NA"]
[PlyCount "73"]
[EventDate "2018.12.15"]
[EventType "swiss"]
[EventCountry "CRO"]
[SourceTitle "playchess.com"]
[Source "ChessBase"]
[SourceQuality "1"]
[TimeControl "40/5400+30:1800+30"]

1. Nf3 d5 2. c4 c6 3. e3 Nf6 4. Nc3 e6 5. Qc2 {A11: English Opening: 1...c6} Bd6 6. b3 O-O 7. Bb2 e5 8. cxd5 cxd5 9. Nb5 Nc6 10. Nxd6 Qxd6 11. Bb5 Nb4 12. Qc1 $1 Bd7 (12... Re8 $15 13. O-O Bd7) 13. Bxe5 Qb6 {[#]} 14. Be2 $2 $146 {[#]} (14. Bf1 $1 $14) 14... Rac8 $2 (14... Rfc8 $1 $17 {[%cal Rc8c1] keeps the pressure on.} 15. Bc3 Bb5) 15. Bc3 Bb5 {[#]} 16. Qb2 $1 a5 17. Bxb4 axb4 18. Nd4 Bxe2 19. Kxe2 (19. Nxe2 $16 Qb5 20. Nd4) 19... Qa6+ 20. Ke1 Rc5 (20... Rfe8 $11) 21. f3 Nd7 {[#]} 22. Nf5 $1 f6 23. f4 ({White should play} 23. d4 $16 Ra5 24. Kf2) 23... Qd3 (23... Ra5 $11) 24. Nd4 Qe4 25. Kf2 {[#]} (25. Rg1 $14 {keeps the upper hand.}) 25... Ne5 $1 26. fxe5 fxe5+ {Discovered Attack (Double check)} 27. Kg1 $17 ({Don't blunder} 27. Nf3 $2 Rc2 $19) 27... exd4 28. Qxd4 Rc2 29. h3 Qxd4 30. exd4 Rxd2 31. Kh2 Rff2 32. Rhg1 Rxd4 33. Rac1 h6 34. Rgd1 Re4 35. Rxd5 Ree2 36. Rg1 Rxa2 37. Rd4 1/2-1/2

[Event "25th Zadar Open 2018"]
[Site "Zadar"]
[Date "2018.12.19"]
[Round "6"]
[White "Jeet, Jain"]
[Black "Mendonca, Leon Luke"]
[Result "0-1"]
[ECO "B50"]
[WhiteElo "2212"]
[BlackElo "2350"]
[Annotator "NA"]
[PlyCount "78"]
[EventDate "2018.12.15"]
[EventType "swiss"]
[EventCountry "CRO"]
[SourceTitle "playchess.com"]
[Source "ChessBase"]
[SourceQuality "1"]
[TimeControl "40/5400+30:1800+30"]

1. e4 c5 2. Nf3 d6 3. c3 Nf6 4. Be2 g6 5. O-O Bg7 6. Bb5+ Nc6 7. d4 {B50: Sicilian: 2...d6, Miscellaneous} Bd7 8. Re1 O-O 9. Bf1 cxd4 10. cxd4 Bg4 11. d5 Ne5 {LiveBook: 18 Games} 12. h3 Bxf3 13. gxf3 Rc8 14. Nc3 Nfd7 15. Nb5 $146 ({Predecessor:} 15. f4 Nc4 16. Bxc4 Rxc4 {0-1 (34) Julia,E (2360)-Flores,D (2568) Buenos Aires 2017}) 15... Qa5 16. Nd4 Nc4 17. b3 (17. Nb3 $15 Qa4 18. Qe2) 17... Bxd4 $1 18. Qxd4 Qxe1 19. bxc4 (19. Kg2 $17 {was forced.} Qb4 20. Bxc4) 19... Ne5 20. Kg2 {[#]} Nxf3 $1 21. Qd3 Ne5 22. Qd4 Nf3 23. Qd3 Ne5 24. Qd4 Qb4 25. Bh6 Rfe8 26. f4 Rxc4 $1 27. Bxc4 Qxc4 28. Qe3 (28. Qxc4 {was forced.} Nxc4 29. Rb1) 28... Nd3 29. Rd1 Nc5 30. Rd4 Qxa2+ 31. Kg1 Qb3 $19 32. Qd2 (32. Qxb3 $142 Nxb3 33. Ra4) 32... Qg3+ 33. Qg2 Qxg2+ 34. Kxg2 b5 35. f5 Rb8 36. Bg5 f6 37. Be3 b4 38. Rd1 b3 39. Rb1 a5 0-1

[Event "25th Zadar Open 2018"]
[Site "Zadar"]
[Date "2018.12.19"]
[Round "6"]
[White "Pallitsch, Clemens"]
[Black "Der Manuelian, Haik"]
[Result "1-0"]
[ECO "D37"]
[WhiteElo "2176"]
[BlackElo "2262"]
[Annotator "NA"]
[PlyCount "75"]
[EventDate "2018.12.15"]
[EventType "swiss"]
[EventCountry "CRO"]
[SourceTitle "playchess.com"]
[Source "ChessBase"]
[SourceQuality "1"]
[TimeControl "40/5400+30:1800+30"]

1. d4 d5 2. c4 e6 3. Nf3 Nf6 4. Nc3 Be7 5. Bf4 O-O 6. e3 Nbd7 7. Qc2 c5 8. Rd1 {D37: Queen's Gambit Declined: 5 Bf4} cxd4 9. Rxd4 Qa5 10. Bg3 Nb6 11. Nd2 dxc4 12. Bxc4 Nxc4 13. Nxc4 Qa6 14. O-O Bd7 {[#]} 15. Ne5 $146 ({Predecessor:} 15. Rfd1 Bc6 {½-½ (33) Aronian,L (2805)-Radjabov,T (2744) Ningbo 2011}) 15... Bc6 16. Rfd1 Rfd8 17. h3 Be8 18. b4 Rxd4 19. Rxd4 Rc8 20. Qb2 b6 21. b5 Qa5 (21... Qa3 $15 22. Qxa3 Bxa3) 22. Nc6 $1 Qa3 $1 23. Nxe7+ Qxe7 24. Bd6 Qb7 25. a4 a6 {[#]} 26. Be5 $1 Nd7 $18 27. Bxg7 Kxg7 28. Ne4 Kf8 29. Nd6 Qc7 30. Nxc8 Qxc8 31. bxa6 Qxa6 32. Rh4 Qa5 33. Rxh7 Qxa4 34. Kh2 Qc6 35. Qb4+ Kg8 36. Rh5 Nc5 37. Qh4 Qd6+ 38. f4 1-0

[Event "25th Zadar Open 2018"]
[Site "Zadar"]
[Date "2018.12.19"]
[Round "6.6"]
[White "Cvitan, Ognjen"]
[Black "Rezan, Sasa"]
[Result "1/2-1/2"]
[ECO "D30"]
[WhiteElo "2503"]
[BlackElo "2421"]
[Annotator "ChessBase"]
[PlyCount "40"]
[EventDate "2018.12.15"]
[EventType "swiss"]
[EventCountry "CRO"]
[SourceTitle "playchess.com"]
[Source "ChessBase"]
[SourceQuality "1"]
[TimeControl "40/5400+30:1800+30"]

1. Nf3 Nf6 2. c4 e6 3. g3 d5 4. Bg2 dxc4 5. Qa4+ c6 6. Qxc4 b5 7. Qb3 Bb7 8. d4 a6 9. O-O c5 10. dxc5 Bxc5 11. Be3 Nbd7 12. Bxc5 Nxc5 13. Qe3 Rc8 14. Nbd2 O-O 15. Rac1 Ncd7 16. Nb3 Rxc1 17. Rxc1 Qa8 18. Na5 Be4 19. Ne1 Bxg2 20. Nxg2 Rc8 1/2-1/2

[Event "25th Zadar Open 2018"]
[Site "Zadar"]
[Date "2018.12.19"]
[Round "6.10"]
[White "Sutkovic, Damir"]
[Black "Jakic, Ivan"]
[Result "1-0"]
[ECO "A01"]
[WhiteElo "2345"]
[BlackElo "2393"]
[Annotator "NA"]
[PlyCount "107"]
[EventDate "2018.12.15"]
[EventType "swiss"]
[EventCountry "CRO"]
[SourceTitle "playchess.com"]
[Source "ChessBase"]
[SourceQuality "1"]
[TimeControl "40/5400+30:1800+30"]

1. b3 e5 2. Bb2 Nc6 3. e3 Nf6 4. Bb5 Bd6 5. Ne2 O-O {[%emt 0:01:30] A01: Nimzowitsch-Larsen Opening} 6. Ng3 Re8 7. Bxc6 $146 ({Predecessor:} 7. Nc3 Bf8 8. Bxc6 bxc6 9. d4 exd4 10. Qxd4 c5 11. Qf4 Rb8 12. O-O-O d5 13. Nce2 Rb6 14. Nf5 d4 15. exd4 Nd5 16. Qf3 Bxf5 17. Qxf5 Rf6 18. Qg4 Rxf2 {0-1 (18) Zavgorodniy,S (2430)-Korobov,A (2664) Batumi 2018}) 7... dxc6 8. e4 Bc5 9. h3 a5 10. d3 a4 11. O-O Be6 12. Nd2 Nd7 13. Nf3 a3 14. Bc3 f6 15. Qe2 Bd6 16. Nh4 g6 17. Nf3 c5 18. Bd2 Bf7 19. Nh2 Nf8 20. Rae1 Ne6 21. Qd1 (21. Ng4 $11) 21... Nf4 22. Ne2 Be6 23. Nxf4 exf4 24. Qc1 g5 25. Bc3 Be5 26. Qa1 Bd7 27. Nf3 Qe7 28. d4 cxd4 29. Bxd4 c5 30. Bxe5 fxe5 31. Rd1 Bc6 32. Rfe1 h5 33. g3 fxg3 34. fxg3 Qf6 35. Rd3 Re7 36. Nd2 Qe6 37. Kg2 Rf8 38. Rf1 Ref7 39. Rxf7 Qxf7 40. Qe1 g4 41. h4 Qf6 42. Kg1 Rd8 43. Qe3 Bb5 44. c4 Bc6 45. Rxd8+ Qxd8 46. Kf2 Qd4 47. Ke2 Qb2 48. Qg5+ Kf8 49. Qxh5 Bd7 50. Qg5 Qxa2 51. h5 Qa1 $18 52. h6 Qh1 53. Qg7+ Ke8 54. h7 1-0

[Event "25th Zadar Open 2018"]
[Site "Zadar"]
[Date "2018.12.19"]
[Round "6.11"]
[White "Nielsen, Rogvi Egilstoft"]
[Black "Bukal, Vladimir Jr."]
[Result "0-1"]
[ECO "C03"]
[WhiteElo "2339"]
[BlackElo "2390"]
[Annotator "NA"]
[PlyCount "78"]
[EventDate "2018.12.15"]
[EventType "swiss"]
[EventCountry "CRO"]
[SourceTitle "playchess.com"]
[Source "ChessBase"]
[SourceQuality "1"]
[TimeControl "40/5400+30:1800+30"]

1. e4 e6 2. d4 d5 3. Nd2 h6 {[%emt 0:00:00] C03: French Tarrasch: Unusual Black 3rd moves} (3... c5 4. exd5 Qxd5 5. Ngf3 cxd4 6. Bc4 Qd6 7. O-O Nf6 8. Nb3 Nc6 9. Nbxd4 Nxd4 10. Nxd4 a6 11. Re1 Qc7 12. Bf1 Be7 13. Qf3 O-O 14. Bf4 Bd6 15. Bxd6 Qxd6 16. Rad1 Qc7 17. c4 Rb8 18. Qg3 Qxg3 19. hxg3 Bd7 {½-½ (61) Karjakin,S (2773)-Duda,J (2737) chess.com INT 2018}) 4. c3 c5 5. exd5 exd5 6. Ngf3 Nf6 7. Bd3 c4 8. Be2 Nc6 9. b3 cxb3 10. axb3 Bf5 11. Ne5 $146 ({Predecessor:} 11. O-O) 11... Qc7 12. O-O Bd6 13. f4 O-O 14. Bb2 Ne4 15. Bf3 f6 16. Nxc6 bxc6 17. Bxe4 dxe4 18. g3 Bh3 19. Re1 f5 20. Qe2 Rf6 21. Kh1 Kh7 ({Black should try} 21... h5 $15) 22. Ba3 Bxa3 23. Rxa3 g5 (23... c5 $11) 24. fxg5 hxg5 25. Qe3 Qg7 26. Nc4 c5 27. d5 Re8 28. Qxc5 a6 29. Nd6 {[%emt 0:08:26] [#]} (29. Nd2 $1 $11) 29... Qf8 ({Better is} 29... Re7 $1 $17 30. Nc4 (30. Rxa6 f4 $15) 30... f4) 30. Rxa6 ({Avoid the trap} 30. Nxe8 $2 Qxc5 31. Nxf6+ Kg7 $19) 30... Kg6 31. Rc6 (31. Nxe8 Qxc5 32. Nxf6 (32. Rxf6+ $2 {loses.} Kh7 $19) 32... Kg7) 31... Rd8 32. Nc4 Qxc5 33. Rxc5 $11 f4 34. gxf4 gxf4 35. Ne5+ Kh6 36. Rxe4 Rg8 37. Re1 f3 38. Rc6 Bg2+ 39. Kg1 f2# 0-1

[Event "25th Zadar Open 2018"]
[Site "Zadar"]
[Date "2018.12.19"]
[Round "6.15"]
[White "Nielsen, Hogni Egilstoft"]
[Black "Sokac, Marko"]
[Result "1-0"]
[ECO "B51"]
[WhiteElo "2400"]
[BlackElo "2301"]
[Annotator "ChessBase"]
[PlyCount "177"]
[EventDate "2018.12.15"]
[EventType "swiss"]
[EventCountry "CRO"]
[SourceTitle "playchess.com"]
[Source "ChessBase"]
[SourceQuality "1"]
[TimeControl "40/5400+30:1800+30"]

1. e4 c5 2. Nf3 d6 3. Bb5+ Nd7 4. O-O Ngf6 5. Re1 a6 6. Bf1 b6 7. c3 Bb7 8. d3 g6 9. Nbd2 Bg7 10. d4 cxd4 11. cxd4 O-O 12. Bd3 e5 13. dxe5 Nxe5 14. Nxe5 dxe5 15. Qe2 Nd7 16. Nb3 Re8 17. Be3 Nf8 18. Red1 Qf6 19. Qf3 Qe6 20. Rac1 Rac8 21. Qe2 b5 22. Nc5 Qe7 23. a4 bxa4 24. Nxb7 Rxc1 25. Bxc1 Qxb7 26. Bxa6 Qa8 27. Bc4 Ne6 28. Bd5 Qa5 29. Qc4 h6 30. Bd2 Qa7 31. Ra1 Qd4 32. Qxa4 Nc7 33. Qd7 Rf8 34. Bc3 Qb6 35. Bc4 Kh8 36. Rd1 Ne6 37. Qd6 Qa7 38. Qa6 Qxa6 39. Bxa6 Nc5 40. Bd3 Rd8 41. Bc2 Rxd1+ 42. Bxd1 Nxe4 43. Ba5 Bf8 44. b4 Nc3 45. Bb3 Kg7 46. Bc4 Ne4 47. Bd3 Nd6 48. b5 e4 49. Be2 f5 50. b6 Nb7 51. Bc3+ Kf7 52. Bc4+ Ke8 53. Bd5 Nd8 54. Be5 Kd7 55. b7 Nxb7 56. Bxb7 Ke6 57. Bd4 Kd6 58. Kf1 Ke6 59. Ke2 Bd6 60. h3 Bf8 61. Bc3 h5 62. Ba6 Bc5 63. Bc4+ Ke7 64. Be5 Bb6 65. Bd5 Bc5 66. Bc3 Bb6 67. Bd2 Kf6 68. Be3 Bc7 69. Bd4+ Ke7 70. Ke3 Bd6 71. Kd2 Bb4+ 72. Ke2 Bd6 73. Kf1 Bc7 74. g3 Bd6 75. Kg2 Bc7 76. g4 hxg4 77. hxg4 fxg4 78. Bxe4 Kf7 79. Bd5+ Ke7 80. Bc4 Bd6 81. Be2 Kf7 82. Bxg4 Kg8 83. Kf3 Kh7 84. Ke4 Be7 85. Kd5 Bh4 86. Ke6 Bg5 87. Kf7 Bd2 88. Be2 g5 89. Bg7 1-0

[Event "25th Zadar Open 2018"]
[Site "Zadar"]
[Date "2018.12.19"]
[Round "6.16"]
[White "Janzelj, Tim"]
[Black "Djoric, Dusan"]
[Result "1-0"]
[ECO "D55"]
[WhiteElo "2395"]
[BlackElo "2298"]
[Annotator "ChessBase"]
[PlyCount "105"]
[EventDate "2018.12.15"]
[EventType "swiss"]
[EventCountry "CRO"]
[SourceTitle "playchess.com"]
[Source "ChessBase"]
[SourceQuality "1"]
[TimeControl "40/5400+30:1800+30"]

1. d4 Nf6 2. c4 e6 3. Nf3 d5 4. Bg5 Be7 5. e3 c6 6. Nc3 b6 7. cxd5 exd5 8. Rc1 Nbd7 9. Bd3 O-O 10. O-O Bb7 11. Bxf6 Nxf6 12. Ne5 c5 13. Qf3 Bd6 14. Ng4 Nxg4 15. Qxg4 cxd4 16. exd4 Qf6 17. Nb5 Bf4 18. Rc3 Ba6 19. g3 Bxb5 20. Bxb5 Bd6 21. Bc6 Rad8 22. Bxd5 Bc5 23. dxc5 Rxd5 24. c6 h5 25. Qe4 Qd6 26. Rfc1 Rc8 27. h4 Rc7 28. a3 g6 29. b4 a5 30. bxa5 bxa5 31. Kg2 Kg7 32. Rc4 Qe5 33. Qf3 Qd6 34. R1c3 Rf5 35. Qe3 Rd5 36. Rc5 Rxc5 37. Qxc5 Qxc5 38. Rxc5 Kf6 39. Kf3 Ke6 40. g4 Kd6 41. Rc1 hxg4+ 42. Kxg4 Rxc6 43. Rxc6+ Kxc6 44. Kg5 Kd7 45. Kf6 Ke8 46. a4 Kf8 47. Ke5 Kg7 48. Kd5 Kh6 49. Kc6 Kh5 50. Kb6 Kxh4 51. Kxa5 g5 52. Kb4 f5 53. a5 1-0

[Event "25th Zadar Open 2018"]
[Site "Zadar"]
[Date "2018.12.19"]
[Round "6.17"]
[White "Bilobrk, Franjo"]
[Black "Dixit, Nikhil"]
[Result "0-1"]
[ECO "E91"]
[WhiteElo "2364"]
[BlackElo "2292"]
[Annotator "NA"]
[PlyCount "134"]
[EventDate "2018.12.15"]
[EventType "swiss"]
[EventCountry "CRO"]
[SourceTitle "playchess.com"]
[Source "ChessBase"]
[SourceQuality "1"]
[TimeControl "40/5400+30:1800+30"]

1. d4 Nf6 2. c4 g6 3. Nc3 Bg7 4. e4 d6 5. Nf3 O-O 6. Be2 Bg4 7. Be3 Nfd7 8. Ng1 Bxe2 9. Ngxe2 c5 10. O-O cxd4 11. Nxd4 Nc6 12. Rc1 Rc8 {[%emt 0:03:00] E91: King's Indian: Classical: 6 Be2, unusual replies including 6...c5 and 6...Bg4} (12... Qa5 13. Nd5 Rae8 14. a3 Nf6 15. b4 Qxa3 16. Nxc6 Nxd5 17. cxd5 bxc6 18. dxc6 Qxb4 19. Qd5 e6 20. Qd3 Rc8 {½-½ (65) Artemiev,V (2570)-Kokarev,D (2631) Khanty-Mansiysk 2013}) 13. b3 {[%emt 0:01:30] LiveBook: 18 Games} Nc5 14. Qd2 Qa5 15. Rfd1 a6 $146 ({Predecessor:} 15... Ne6 16. Nde2 Nc5 17. f3 Nd7 18. Nf4 Rfe8 19. Nfd5 a6 20. Na4 Qxd2 21. Rxd2 {1-0 (54) Bauche,T (1978)-Hilverda,A (2329) Metz 2013}) 16. f3 Ne6 17. Nxc6 bxc6 18. Na4 Qxd2 19. Rxd2 c5 20. Rcd1 Rb8 21. Kf2 f5 22. exf5 Rxf5 23. Re1 Be5 24. Kg1 h5 25. Bf2 g5 26. Bg3 Nf4 27. Bxf4 gxf4 28. Kf1 Kf7 29. Rde2 Bf6 30. Re4 h4 31. h3 Rb7 32. R1e2 Bd4 33. Re6 Rf6 34. Rxf6+ Kxf6 35. Rc2 Kf5 36. Ke2 e5 37. Kd3 $2 {[%emt 0:04:17] [#]} (37. Nc3 $1 $15) 37... e4+ $1 38. fxe4+ Ke5 39. Re2 Rf7 40. Kc2 {[%emt 0:00:00] [#]} f3 $1 41. gxf3 Rxf3 42. Rh2 Kf4 43. Nb6 Kg3 44. Rd2 Kxh3 45. Nc8 Kg4 46. Nxd6 h3 47. e5 Bxe5 48. Ne4 h2 49. Rxh2 Bxh2 50. Nxc5 Rf2+ 51. Kb1 a5 52. Ne4 Rg2 53. Nc3 Be5 54. Na4 Rg1+ $2 (54... Kf4 {mates} 55. a3 Ke3 56. b4 Kd3 57. Nc5+ Kxc4 58. Nb7 axb4 59. axb4 Kxb4 60. Na5 Kxa5 61. Kc1 Bc3 62. Kd1 Bb4 63. Kc1 Ka4 64. Kd1 Kb3 65. Kc1 Rg1#) 55. Kc2 Ra1 56. c5 Kf5 57. Kd3 Rxa2 58. Kc4 Ke6 59. Kb5 Rxa4 $2 (59... Ra3 $19 60. b4 axb4 61. Kxb4 Ra1) 60. bxa4 $4 (60. Kxa4 $11 Bc3 61. Kb5) 60... Bc7 61. Kc6 {[%emt 0:02:30] [#]} Bd8 $1 62. Kb7 Kd5 63. c6 Kc5 64. c7 Bxc7 65. Kxc7 Kb4 66. Kc6 Kxa4 67. Kc5 Kb3 0-1

[Event "25th Zadar Open 2018"]
[Site "Zadar"]
[Date "2018.12.19"]
[Round "6.18"]
[White "Ermeni, Avni"]
[Black "Paszewski, Mateusz"]
[Result "0-1"]
[ECO "B51"]
[WhiteElo "2183"]
[BlackElo "2342"]
[Annotator "NA"]
[PlyCount "106"]
[EventDate "2018.12.15"]
[EventType "swiss"]
[EventCountry "CRO"]
[SourceTitle "playchess.com"]
[Source "ChessBase"]
[SourceQuality "1"]
[TimeControl "40/5400+30:1800+30"]

1. e4 c5 2. Nf3 d6 3. Bb5+ Nd7 4. O-O a6 5. Bxd7+ Bxd7 6. Re1 Rc8 {[%emt 0:06:30] B51: Sicilian: Moscow Variation (3 Bb5+) without 3...Bd7} (6... Bg4 7. c3 e6 8. d4 Nf6 9. dxc5 dxc5 10. Qxd8+ Rxd8 11. Ne5 Bh5 12. f3 Nd7 13. Nxd7 Rxd7 14. Be3 {½-½ (46) Zvjaginsev,V (2633)-Sjugirov,S (2663) Yaroslavl 2018}) 7. d3 $146 ({Predecessor:} 7. b3 Nf6 8. e5 dxe5 9. Nxe5 e6 10. Bb2 Be7 11. d3 O-O 12. Nd2 Bc6 13. Nxc6 Rxc6 14. Nc4 Nd7 15. f4 b5 16. Qf3 Qc7 17. Ne5 Nxe5 18. Bxe5 Bd6 {½-½ (18) Diaz Hernandez,H (2353)-Ruiz Sanchez,O (2455) Matanzas 2017}) 7... g6 8. Nc3 Bg7 9. a4 Nf6 10. e5 dxe5 11. Nxe5 Be6 12. Bg5 O-O 13. Qd2 Re8 14. Bh6 Bh8 15. Nf3 Qd7 16. a5 Nd5 17. Na4 Qd6 18. Ng5 Bf5 19. h3 e5 20. Ne4 Qe7 21. Bg5 f6 22. Be3 Rc6 (22... c4 $14) 23. Bxc5 Qd7 24. Be3 Nxe3 25. Rxe3 Bg7 26. Re2 Qc7 27. Nb6 Rd8 28. b3 Bxe4 29. Rxe4 Rxc2 30. Qb4 Rxd3 31. Rc4 Rxc4 32. bxc4 Bf8 33. Qa4 Kg7 34. Rb1 Qc6 35. Qc2 Rd4 36. Qb3 Rd8 37. Nd5 Rd7 38. Qf3 Bc5 39. g4 h6 40. h4 Rf7 41. Qd3 Bd4 42. Kg2 Qd7 43. f3 ({White should play} 43. Qe4) 43... Qa4 44. Kh3 Qd7 45. Rd1 f5 46. Rd2 fxg4+ 47. fxg4 Qc8 48. Rg2 {[%emt 0:03:25] [#]} Qf8 $1 49. Qe4 $19 (49. Kg3) 49... Rf3+ 50. Kh2 Qa3 51. Rg3 Rxg3 52. Nf4 Bg1+ 53. Kh1 Qf3+ 0-1

[Event "25th Zadar Open 2018"]
[Site "Zadar"]
[Date "2018.12.19"]
[Round "6.19"]
[White "Biliskov, Vjekoslav"]
[Black "Spalir, Jernej"]
[Result "1/2-1/2"]
[ECO "D94"]
[WhiteElo "2313"]
[BlackElo "2336"]
[Annotator "NA"]
[PlyCount "71"]
[EventDate "2018.12.15"]
[EventType "swiss"]
[EventCountry "CRO"]
[SourceTitle "playchess.com"]
[Source "ChessBase"]
[SourceQuality "1"]
[TimeControl "40/5400+30:1800+30"]

1. d4 d5 2. c4 c6 3. Nf3 Nf6 4. e3 g6 5. Nc3 Bg7 6. Bd3 O-O 7. O-O Bg4 8. h3 Bxf3 9. Qxf3 e6 10. Rd1 Nbd7 11. Qe2 Qe7 {[%emt 0:03:30] D94: Grünfeld: 4 Nf3 Bg7 5 e3} 12. Qc2 $146 ({Predecessor:} 12. Bd2 Rfe8 13. Be1 a6 14. Rac1 Rac8 15. a3 h5 16. b4 Bf8 17. f4 Nh7 18. g4 hxg4 19. hxg4 {1-0 (69) Zhou,W (2624)-Wang,Y (2690) Danzhou 2012}) 12... Rfd8 13. Bd2 Rac8 14. Rac1 a6 15. Qb1 b5 16. cxb5 cxb5 17. a4 b4 18. Ne2 a5 19. Rxc8 Rxc8 20. Rc1 Qd8 21. f3 Nb6 22. b3 Nfd7 23. Ba6 Rc7 24. Rxc7 Qxc7 25. Qc1 Qxc1+ 26. Bxc1 Kf8 27. Kf2 Ke7 28. g4 Nb8 29. Bb5 Bh6 30. Bd2 Nc8 31. Bc1 Nd6 32. Bd3 Nc6 33. Bb2 Kd7 $11 34. Bc2 Ke7 35. Bd3 Kd7 36. Bc2 1/2-1/2